 Dungeon Crawl Stone Soup version 0.19.0 (webtiles) character file.

201 PurpleOddity the Shield-Bearer (level 6, -5/70 HPs)
             Began as a Human Fighter on Nov 12, 2016.
             Slain by Natasha (7 damage)
             ... on level 3 of the Dungeon on Nov 13, 2016.
             The game lasted 00:28:37 (3298 turns).

PurpleOddity the Shield-Bearer (Human Fighter)      Turns: 3298, Time: 00:28:38

Health: -5/70      AC:  6    Str: 23    XL:     6   Next: 7%
Magic:  6/6        EV:  9    Int:  8    God:
Gold:   126        SH:  0    Dex: 13    Spells: 0 memorised, 5 levels left

rFire  . . .     SeeInvis .     r - +0 long sword
rCold  . . .     Gourm    .     l - +0 scale mail
rNeg   . . .     Faith    .     c - +0 shield
rPois  .         Spirit   .     (helmet restricted)
rElec  .         Reflect  .     f - +1 cloak
rCorr  .         Harm     .     (no gloves)
MR     .....                    (no boots)
Stlth  ..........               q - amulet of inaccuracy (curse)
                                (no ring)
                                (no ring)

@: confused, mighty, berserking, very slightly contaminated, invisible, very
quick
A: antennae 1, deformed body, sturdy frame 1
a: no special abilities


You were on level 3 of the Dungeon.
You were not hungry.

You visited 1 branch of the dungeon, and saw 3 of its levels.

You collected 126 gold pieces.

Inventory:

Hand Weapons
 a - a +0 rapier
 r - a +0 long sword (weapon)
Missiles
 s - 11 arrows
Armour
 b - a +0 scale mail
 c - a +0 shield (worn)
 f - a +1 cloak (worn)
 l - a +0 scale mail (worn)
 m - a +0 leather armour
Jewellery
 q - a cursed amulet of inaccuracy (around neck)
Scrolls
 e - 2 scrolls of teleportation
 j - 2 scrolls of identify
 n - a scroll of fog
 p - a scroll of noise
Potions
 k - a potion of magic {unknown}
Books
 u - a book of Conjurations

   Spells                             Type                      Level
   a - Magic Dart                     Conjuration                  1
   b - Searing Ray                    Conjuration                  2
   c - Dazzling Spray                 Conjuration/Hexes            3
   d - Fulminant Prism                Conjuration/Hexes            4
   e - Iskenderun's Mystic Blast      Conjuration                  4
   f - Iskenderun's Battlesphere      Conjuration/Charms           5
Comestibles
 o - 2 meat rations
 t - a bread ration


   Skills:
 - Level 3.3 Fighting
 - Level 3.1 Short Blades
 * Level 0.6(2.0) Long Blades
 + Level 3.6 Armour
 * Level 1.6 Dodging
 * Level 4.6 Shields


You had 5 spell levels left.
You didn't know any spells.

Dungeon Overview and Level Annotations

Branches:
Dungeon (3/15)

Altars:
Hepliaklqana
Kikubaaqudgha
Nemelex Xobeh

Annotations:
D:3 Natasha


Innate Abilities, Weirdness & Mutations

You have a pair of small antennae on your head.
Armour fits poorly on your strangely shaped body.
Your movements are slightly less encumbered by armour. (ER -2)


Message History

* * * LOW HITPOINT WARNING * * *
The shadow imp hits you but does no damage.
It was a potion of ambrosia.
You are confused.
You feel invigorated. Natasha claws you.
* * * LOW HITPOINT WARNING * * *
The shadow imp hits you but does no damage.
The shadow imp gestures at you. Pain shoots through your body!
* * * LOW HITPOINT WARNING * * *
Natasha mumbles some strange words.
It was a potion of berserk rage.
A red film seems to cover your vision as you go berserk!
You feel yourself moving faster!
You feel mighty!
The white imp shouts, "Out, out, thou pecksniffian spur-galled gonus!"
The shadow imp gestures at you. Pain shoots through your body!
* * * LOW HITPOINT WARNING * * *
Natasha claws you!
You die...

.#...#........
.#............
###.#...#........
).............†.
##..#####........
####...######.#.....
##.....##......#...#.
##...h5..............#
#....@5..........##...
#......5.........###..
#.................# ##
#.................# .
#.....................
#.................#...
##..............###...
##.....##.....## ..
####.######### .


You could see Natasha, a white imp (wandering) and 2 shadow imps.

Vanquished Creatures
  An orc priest (D:3)
  Terence (D:3)
  Natasha (twice) (D:3)
  An adder (D:3)
  A worm (D:2)
  2 dart slugs
  3 leopard geckos
  4 orcs
  2 giant cockroaches
  9 hobgoblins
  9 jackals
  2 quokkas
  2 ball pythons
  6 bats
  4 frilled lizards
  7 goblins
  9 kobolds
  9 rats
74 creatures vanquished.

Notes
Turn   | Place    | Note
-------+----------+-------------------------------------------
     0 | D:1      | PurpleOddity the Human Fighter began the quest for the Orb.
     0 | D:1      | Reached XP level 1. HP: 18/18 MP: 1/1
    44 | D:1      | Reached XP level 2. HP: 24/24 MP: 2/2
   411 | D:1      | Reached XP level 3. HP: 21/29 MP: 3/3
  1093 | D:2      | Found a sparkling altar of Nemelex Xobeh.
  1756 | D:2      | Reached XP level 4. HP: 35/35 MP: 4/4
  1823 | D:2      | Found an ancient bone altar of Kikubaaqudgha.
  1825 | D:2      | Found a hazy altar of Hepliaklqana.
  1882 | D:2      | Reached skill level 4 in Shields
  2507 | D:2      | Reached skill level 1 in Dodging
  2669 | D:3      | Found a faded altar of an unknown god.
  2684 | D:3      | Noticed Natasha
  2708 | D:3      | Killed Natasha
  2894 | D:3      | Reached XP level 5. HP: 41/41 MP: 5/5
  2985 | D:3      | Noticed Terence
  3005 | D:3      | Killed Terence
  3251 | D:3      | Noticed Natasha
  3263 | D:3      | Killed Natasha
  3263 | D:3      | Reached XP level 6. HP: 42/47 MP: 6/6
  3280 | D:3      | Noticed Natasha
  3293 | D:3      | Gained mutation: Armour fits poorly on your strangely shaped body. [potion of mutation]
  3293 | D:3      | Gained mutation: Your movements are slightly less encumbered by armour. (ER -2) [potion of mutation]
  3293 | D:3      | Gained mutation: You have a pair of small antennae on your head. [potion of mutation]
  3298 | D:3      | HP: 2/70 [shadow imp/nerve-wracking pain[Natasha] (9)]
  3298 | D:3      | Slain by Natasha

Skill      XL: |  1  2  3  4  5 |
---------------+----------------+-----
Shields        | 4 |  4.6
Dodging        | 1 |  1.6
Short Blades   | 3 |  3.1
Fighting       | |  3.3
Long Blades    | |  0.6
Armour         | |  3.6

Action                   |  1- 3 |  4- 6 || total
-------------------------+-------+-------++-------
Melee: Rapier            |   152 |   102 ||   254
       Long sword        |       |    18 ||    18
  Use: Scroll            |     1 |     7 ||     8
       Potion            |       |    11 ||    11
  Eat: Bread ration      |     1 |       ||     1
       Beef jerky        |     1 |       ||     1
       Meat ration       |       |     1 ||     1
Armor: Scale mail        |   121 |   100 ||   221
Dodge: Dodged            |    77 |    65 ||   142
Block: Shield            |   118 |   100 ||   218
       Rpst.: Long sword |       |    10 ||    10
